Map: [ESL] NeoHumanity

Players

RagnaroK (SHIN)

  • Race: Zerg Zerg
  • Spawn Location: 11:00

Gerald - Winner!

  • Race: Protoss Protoss
  • Spawn Location: 5:00

Event: ESL SC2 Masters 2023 Summer (Finals)

VOD

Have the link to the VOD?

Description

Time

  • Played on: June 16, 2023, 10:14 a.m.
  • Length: 12:27

All games in this series

Show
View Real Time Build Order
Export as new Build Order

RagnaroK Zerg 

Build Orders: Hatch First 

Get SALT Encoding   

  12  0:00  Drone  
  13  0:08  Drone  
  14  0:16  Overlord  
  14  0:39  Drone x2  
  16  0:48  Hatchery  
  15  0:52  Drone  
  15  0:55  Drone  
  17  1:01  Drone  
  18  1:09  Extractor  
  17  1:15  Spawning Pool  
  17  1:17  Drone  
  17  1:22  Drone  
  18  1:33  Drone  
  19  1:44  Drone  
  20  1:54  Drone  
  21  2:01  Queen x2  
  21  2:02  Zergling x2  
  21  2:06  Zergling x2  
  27  2:11  Overlord  
  27  2:15  Metabolic Boost  
  27  2:17  Drone  
  28  2:32  Hatchery, Drone  
  28  2:35  Drone  
  29  2:38  Drone  
  29  2:40  Drone  
  29  2:43  Zergling x2  
  32  2:49  Queen  
  34  2:54  Overlord  
  34  2:58  Drone  
  35  2:59  Drone  
  36  3:12  Zergling x8  
  40  3:13  Queen  
  40  3:16  Zergling x2  
  40  3:17  Zergling x2  
  44  3:24  Overlord  
  44  3:26  Overlord  
  44  3:40  Overlord  
  44  3:42  Drone x3  
  44  3:43  Drone  
  44  3:44  Drone  
  44  3:45  Queen  
  51  3:49  Drone x2  
  51  3:54  Drone  
  53  3:59  Drone  
  53  4:00  Drone x3  
  55  4:03  Queen  
  55  4:05  Drone  
  55  4:09  Overlord  
  58  4:14  Overlord  
  57  4:18  Roach Warren  
  57  4:24  Overlord, Zergling x2, Spore Crawler  
  57  4:25  Zergling x2  
  57  4:27  Spore Crawler  
  57  4:30  Zergling x2  
  57  4:34  Spore Crawler  
  56  4:38  Drone x5  
  56  4:39  Drone  
  56  4:41  Drone  
  56  4:42  Drone  
  56  4:44  Drone  
  65  4:51  Drone x3  
  68  4:55  Drone  
  68  4:56  Drone x2  
  68  4:59  Lair  
  71  5:03  Drone x3  
  71  5:04  Extractor  
  71  5:05  Drone  
  74  5:07  Extractor x2  
  74  5:10  Drone x3  
  74  5:12  Drone  
  76  5:14  Drone  
  76  5:15  Drone  
  76  5:17  Drone  
  79  5:21  Evolution Chamber  
  79  5:22  Drone  
  79  5:24  Zergling x4  
  80  5:29  Overlord  
  80  5:34  Drone  
  80  5:35  Overlord x3  
  81  5:38  Overlord  
  81  5:40  Overlord  
  81  5:42  Overlord  
  81  5:43  Overlord, Drone  
  81  5:45  Extractor x2  
  81  5:47  Overlord  
  81  5:49  Drone x3  
  83  5:51  Zerg Missile Weapons Level 1  
  83  5:56  Drone x3  
  86  5:58  Glial Reconstitution  
  86  5:59  Overseer  
  86  6:01  Zergling x4  
  88  6:07  Roach x2  
  88  6:08  Roach x2  
  95  6:15  Hatchery  
  94  6:20  Spire  
  94  6:21  Roach  
  94  6:23  Drone x3  
  98  6:29  Roach x3  
  98  6:32  Overlord  
  103  6:34  Overlord  
  103  6:37  Overlord  
  103  6:39  Overlord  
  103  6:42  Overlord  
  103  6:43  Drone  
  103  6:46  Roach  
  106  6:47  Baneling Nest  
  106  6:49  Overseer  
  106  6:51  Overlord  
  106  6:52  Roach  
  106  6:53  Roach  
  109  7:02  Drone x5  
  113  7:14  Overlord  
  113  7:20  Overlord  
  113  7:21  Roach x6  
  124  7:31  Mutalisk x7  
  124  7:33  Roach, Zergling x2  
  124  7:34  Zergling x6  
  144  7:37  Roach  
  144  7:42  Roach x5  
  156  7:48  Ravager  
  156  7:49  Roach  
  159  7:52  Hatchery  
  159  7:55  Centrifugal Hooks  
  159  7:57  Roach, Zergling x6  
  163  8:05  Zerg Melee Weapons Level 1  
  163  8:06  Roach, Zergling x10  
  163  8:12  Roach, Zergling x6  
  175  8:17  Roach, Zergling x2  
  175  8:19  Ravager x2  
  178  8:21  Overlord  
  178  8:22  Roach  
  180  8:28  Roach, Zergling x12  
  180  8:31  Ravager  
  188  8:36  Baneling x8  
  188  8:37  Overlord  
  188  8:38  Zergling x6  
  185  8:48  Zergling x2  
  185  8:49  Roach, Zergling x2  
  185  8:53  Baneling x9  
  185  8:54  Baneling  
  185  8:55  Drone x4  
  193  8:56  Unknown, Zergling x2  
  193  8:58  Baneling x3  
  193  9:02  Roach, Zergling x4  
  197  9:07  Roach  
  197  9:09  Roach  
  187  9:12  Roach, Zergling x2  
  187  9:13  Zergling x4  
  185  9:17  Roach x2  
  185  9:20  Roach  
  185  9:23  Zergling x8  
  186  9:26  Zergling x8  
  186  9:27  Baneling x7  
  186  9:28  Baneling x3  
  186  9:29  Ravager  
  189  9:39  Zergling x10  
  189  9:44  Roach  
  184  9:45  Baneling x9  
  184  9:46  Baneling x5  
  184  9:47  Zergling x2  
  184  9:49  Baneling x3  
  184  9:50  Baneling  
  184  9:51  Zergling x4  
  187  9:56  Zergling x16  
  193  10:00  Zerg Melee Weapons Level 2  
  193  10:02  Baneling x4  
  192  10:09  Zergling x14  
  192  10:11  Baneling x5  
  197  10:17  Zergling x10  
  185  10:22  Zergling x8  
  185  10:26  Baneling x10  
  185  10:27  Baneling x2  
  182  10:30  Zergling x6  
  185  10:38  Zergling x14  
  186  10:43  Zergling x8  
  186  10:45  Baneling x6  
  190  10:51  Baneling  
  190  10:52  Baneling x7  
  190  10:53  Zergling x8  
  190  11:01  Roach, Zergling x2  
  190  11:02  Zergling x10  
  170  11:06  Zergling x2  
  170  11:07  Zergling x8  
  158  11:15  Zergling x12  
  158  11:17  Overseer x2  
  153  11:21  Zergling x6  
  141  11:27  Zergling x14  
  147  11:37  Zergling x6  
  150  11:43  Hatchery, Zergling x4  
  148  11:50  Roach x4  
  156  11:56  Zergling x6  
  156  12:00  Zergling x2  
  156  12:01  Zergling x2  
  140  12:11  Overseer x2  
Show
View Real Time Build Order
Export as new Build Order

Gerald Protoss - Winner!

Build Orders: 1 Gate Expand, Zealot Archon, Archon Drop, Dark Templar Rush 

Get SALT Encoding   

  12  0:00  Probe  
  13  0:12  Probe  
  14  0:18  Pylon  
  14  0:24  Probe (Chrono Boost)  
  15  0:36  Probe (Chrono Boost)  
  15  0:39  Gateway  
  16  0:45  Probe (Chrono Boost)  
  16  0:46  Assimilator  
  17  0:50  Probe  
  18  1:03  Probe  
  19  1:15  Probe  
  20  1:23  Nexus  
  20  1:27  Probe  
  21  1:36  Cybernetics Core  
  21  1:39  Probe  
  22  1:46  Assimilator  
  22  1:51  Probe  
  23  1:54  Pylon  
  23  2:10  Adept (Chrono Boost)  
  23  2:12  Probe  
  26  2:23  Twilight Council  
  26  2:24  Probe, Warp Gate  
  27  2:30  Adept (Chrono Boost)  
  27  2:35  Probe  
  27  2:36  Probe  
  31  2:47  Probe  
  31  2:49  Probe, Robotics Facility  
  33  2:54  Stalker  
  35  2:59  Probe  
  35  3:01  Probe  
  37  3:09  Gateway  
  37  3:11  Probe  
  38  3:13  Probe  
  38  3:19  Dark Shrine  
  39  3:25  Probe (Chrono Boost), Pylon  
  41  3:35  Probe (Chrono Boost)  
  41  3:37  Probe (Chrono Boost), Warp Prism (Chrono Boost)  
  44  3:42  Probe (Chrono Boost)  
  44  3:43  Probe (Chrono Boost)  
  44  3:47  Assimilator  
  46  3:53  Probe x2  
  48  3:57  Gateway  
  48  4:02  Assimilator  
  48  4:04  Pylon  
  48  4:05  Probe  
  48  4:09  Probe  
  50  4:11  Gateway  
  50  4:15  Adept  
  52  4:17  Probe  
  52  4:20  Pylon  
  52  4:22  Probe  
  54  4:27  Shield Battery  
  54  4:30  Probe  
  55  4:39  Dark Templar  
  55  4:40  Dark Templar  
  55  4:43  Nexus  
  59  4:48  Pylon  
  59  4:52  Probe  
  60  4:55  Probe, Robotics Bay  
  61  5:05  Probe  
  62  5:08  Forge  
  62  5:13  Shield Battery  
  62  5:14  Archon  
  62  5:15  Dark Templar x2  
  62  5:16  Probe  
  62  5:19  Archon  
  67  5:22  Dark Templar  
  67  5:24  Pylon  
  67  5:26  Probe  
  67  5:28  Probe, Observer  
  72  5:32  Blink  
  72  5:38  Probe, Gateway  
  72  5:40  Probe  
  72  5:41  Protoss Ground Weapons Level 1 (Chrono Boost)  
  74  5:48  Disruptor (Chrono Boost)  
  74  5:50  Probe  
  74  5:52  Probe  
  79  5:58  Probe  
  79  6:02  Probe  
  79  6:03  Pylon  
  81  6:04  Probe  
  82  6:12  Probe, Disruptor  
  82  6:14  Probe, Gateway  
  82  6:17  Assimilator  
  87  6:22  Assimilator  
  87  6:27  Probe  
  87  6:28  Stalker x3  
  87  6:29  Probe  
  87  6:31  Probe  
  96  6:34  Gateway x2  
  96  6:36  Gateway  
  96  6:38  Stalker  
  98  6:46  Probe x2  
  100  6:50  Gateway  
  100  6:52  Pylon  
  100  6:53  Pylon  
  100  6:55  Dark Templar x2  
  100  6:57  Pylon  
  100  6:59  Archon  
  104  7:02  Probe, Dark Templar  
  104  7:03  Probe  
  104  7:07  Probe, Archon  
  109  7:14  Stalker  
  109  7:15  Stalker  
  113  7:16  Probe  
  113  7:17  Photon Cannon  
  113  7:19  Pylon  
  114  7:23  Protoss Ground Weapons Level 2 (Chrono Boost)  
  114  7:32  Nexus  
  114  7:34  Disruptor  
  116  7:41  Stalker x3  
  116  7:47  Photon Cannon  
  116  7:53  Pylon  
  116  7:55  Probe  
  116  7:56  Photon Cannon  
  117  7:59  Stalker x2, Shield Battery  
  117  8:05  Stalker x2  
  125  8:07  Probe  
  125  8:12  Disruptor (Chrono Boost)  
  126  8:16  Dark Templar x2, Shield Battery  
  126  8:19  Stalker  
  135  8:21  Archon  
  135  8:24  Stalker x2  
  138  8:30  Stalker x2  
  138  8:32  Probe  
  142  8:40  Probe  
  142  8:42  Disruptor (Chrono Boost)  
  145  8:50  Stalker x5  
  155  8:56  Probe  
  151  9:23  Stalker x6  
  151  9:24  Probe, Stalker x2  
  163  9:27  Unknown  
  163  9:28  Pylon  
  163  9:30  Pylon  
  164  9:31  Pylon  
  164  9:33  Pylon  
  164  9:46  Disruptor (Chrono Boost)  
  164  9:51  Templar Archives, Stalker x4  
  164  9:52  Stalker x2  
  179  9:53  Pylon  
  175  10:00  Charge  
  175  10:01  Probe x3  
  178  10:13  Probe  
  173  10:14  Nexus  
  173  10:18  Stalker x6  
  173  10:19  Disruptor (Chrono Boost)  
  182  10:28  Probe x2  
  182  10:31  Assimilator  
  184  10:38  Psionic Storm  
  184  10:46  Nexus  
  184  10:54  Probe  
  184  10:56  Zealot  
  166  11:06  Dark Templar  
  166  11:07  Zealot x3, Dark Templar x4  
  166  11:09  Disruptor (Chrono Boost)  
  148  11:23  Probe  
  146  11:29  High Templar  
  146  11:30  High Templar  
  146  11:32  Photon Cannon  
  146  11:34  Shield Battery  
  146  11:35  Pylon  
  146  11:36  Archon, Photon Cannon  
  146  11:37  Archon  
  146  11:38  Disruptor  
  145  11:43  Zealot x7  
  145  11:49  Probe x2  
  145  11:52  Probe, Pylon  
  147  11:54  Assimilator  
  147  11:57  Assimilator  
  145  12:01  Probe x2  
  145  12:02  Archon  
  145  12:07  Stalker x2  
  145  12:08  Stalker x4  
  144  12:11  Zealot  
  144  12:12  Zealot x2  
Tags
 
Add a new tag
Caveats
  • Supply blocks, unpowered buildings, or Contaminate may cause inaccurate times.
  • Supply counts are checked every 10 seconds.